 Dungeon Crawl Stone Soup version 0.26-a0-1191-ge2a0e31ab3 (webtiles) character file.

Game seed: 17427768546102068347

10129 sanka the Fighter (level 11, -11/127 HPs)
             Began as an Ogre Berserker on Dec 28, 2020.
             Was a High Priest of Trog.
             Mangled by an orc warrior
             ... wielding a cursed -2 glaive
              (13 damage)
             ... on level 11 of the Dungeon.
             The game lasted 00:23:39 (12733 turns).

sanka the Fighter (Ogre Berserker)                 Turns: 12733, Time: 00:23:39

Health: -11/127    AC: 10    Str: 25    XL:     11   Next: 57%
Magic:  11/11      EV: 10    Int: 13    God:    Trog [*****.]
Gold:   500        SH:  0    Dex:  9    Spells: 10/10 levels left

rFire    + + .     SeeInvis .   a - +0 giant club
rCold    + + .     Faith    .   (shield currently unavailable)
rNeg     . . .     Spirit   .   w - +2 swamp dragon scales
rPois    +         Reflect  .   x - +0 hat
rElec    +         Harm     .   t - scarf {rC+ rF+}
rCorr    +         Rampage  .   (gloves unavailable)
Will     +....                  (boots unavailable)
Stlth    ..........             N - amulet of Puoggy {rElec rPois rC+ Regen+}
HPRegen  0.71/turn              u - ring of protection from fire
MPRegen  0.12/turn              M - ring of Tyishec {rCorr Int+5}

@: about to teleport, berserk cooldown, slowed, very slow
A: large, unfitting armour, tough skin 1
a: Renounce Religion, Berserk, Trog's Hand, Brothers in Arms


You were on level 11 of the Dungeon.
You worshipped Trog.
Trog was extremely pleased with you.
You visited 1 branch of the dungeon, and saw 11 of its levels.
You also visited: Sewer and Ossuary.

You collected 700 gold pieces.
You spent 200 gold pieces at shops.


Innate Abilities, Weirdness & Mutations

You are too large for most types of armour.
You have tough skin. (AC +1)


   Skills:
 + Level 13.4 Fighting
 * Level 12.8 Maces & Flails
 - Level 3.0 Armour
 - Level 3.0 Dodging


You had 10 spell levels left.
You didn't know any spells.
Your spell library was empty.

Inventory:

Hand Weapons
 a - a +0 giant club (weapon)
Missiles
 k - 5 large rocks (quivered) {=f}
 z - 7 javelins
Armour
 b - a +0 animal skin
 j - a +0 cloak
 t - a scarf of resistance (worn)
 w - +2 swamp dragon scales (worn)
 x - a +0 hat (worn)
Jewellery
 u - a ring of protection from fire (left hand)
 M - the ring of Tyishec (right hand) {rCorr Int+5}

   [ring of resist corrosion]

   It affects your intelligence (+5).
   It provides partial protection from all sources of acid and corrosion.
 N - the amulet of Puoggy (around neck) {rElec rPois rC+ Regen+}

   [amulet of regeneration]

   It protects you from cold.
   It insulates you from electricity.
   It protects you from poison.
   It increases your rate of regeneration.
Wands
 i - a wand of acid (8)
 m - a wand of flame (9)
 r - a wand of digging (9)
 y - a wand of random effects (17)
 B - a wand of polymorph (12)
 D - a wand of enslavement (11)
 G - a wand of iceblast (11)
Scrolls
 c - 4 scrolls of magic mapping
 g - a scroll of teleportation {@r4}
 h - 4 scrolls of immolation {!r}
 l - 3 scrolls of enchant armour
 n - 6 scrolls of remove curse
 q - 2 scrolls of fog
 F - a scroll of enchant weapon
 J - a scroll of blinking
 L - a scroll of identify {@r1}
Potions
 d - 2 potions of cancellation {unknown}
 e - 13 potions of lignification {!q}
 f - 13 potions of curing {unknown}
 o - 3 potions of heal wounds {unknown}
 p - 9 potions of flight {unknown}
 s - 4 potions of degeneration {unknown}
 A - a potion of invisibility {unknown}
 C - a potion of haste {unknown}
 E - 2 potions of might {unknown}
 H - a potion of attraction {unknown}
 I - 2 potions of magic {unknown}
 K - 2 potions of resistance {unknown}

Dungeon Overview and Level Annotations

Branches:
Dungeon (11/15)            Temple (0/1) D:6            Lair (0/6) D:10
    Orc (0/2) D:10          Sewer (visited)         Ossuary (visited)

Altars:
Ashenzari
Cheibriados
Dithmenos
Gozag
Makhleb
Ru
Uskayaw
Vehumet
Zin

Shops:
D:5 *   D:7 =   D:10 *

Portals:
Trove: D:10 (give 7 scrolls of blinking)

▒▒▒▒▒▒▒+▒ +▒
▒.......▒ .▒▒
........▒▒..▒+▒▒▒
........†.......▒
......)o<)...?..+
▒+▒....▒†O......▒
▒....▒........▒
▒....'........+
▒....▒........▒
▒▒▒........>▒▒▒
▒▒▒▒▒▒▒▒▒▒▒


You could see an orc warrior.


Message History

Unknown command.
The orc wizard hits you but does no damage.
The orc throws a boomerang.
The boomerang barely misses you.
The weapon returns to the orc!
The orc wizard hits you but does no damage.
Throw: 5 large rocks {=f}
Aim: an orc warrior, wielding a -2 glaive and wearing a +0 chain mail
Okay, then.
Evoke which item? (* to show all) (? for menu, Esc to quit)
Aiming: Iceblast
Aim: an orc, wielding a +0 flail, wearing a +0 ring mail and quivering 3 boomerangs The mass of ice explodes!
The iceblast engulfs the orc warrior!
The orc warrior is moderately wounded.
The iceblast engulfs the orc!
You kill the orc!
Trog accepts your kill.
The iceblast engulfs the orc wizard!
You kill the orc wizard!
Trog accepts your kill.
Trog appreciates your killing of a magic user.
The orc warrior hits you from afar with a cursed -2 glaive!!
* * * LOW HITPOINT WARNING * * *
Unknown command.
Okay, then.
As you read the scroll of teleportation {@r4}, it crumbles to dust.
You feel strangely unstable.
The orc warrior hits you from afar with a cursed -2 glaive!
You die...

Action                   |  1- 3 |  4- 6 |  7- 9 | 10-12 || total
-------------------------+-------+-------+-------+-------++-------
Melee: Mace              |   161 |   122 |       |       ||   283
       Flail             |       |    45 |       |       ||    45
       Giant club        |       |       |   291 |   321 ||   612
Throw: Large rock        |       |     2 |     3 |       ||     5
Invok: Berserk           |       |     1 |     3 |     5 ||     9
Evoke: Wand              |       |       |       |     4 ||     4
  Use: Scroll            |       |     4 |     2 |     8 ||    14
Armor: Animal skin       |    46 |    59 |    15 |       ||   120
       Swamp dragon scal |       |       |   117 |   132 ||   249
Dodge: Dodged            |    98 |    95 |   186 |   164 ||   543

Levels and vault maps discovered:
D:1:      dpeg_arrival_triangle_fractal, layout_loops_ring
D:2:      layout_basic, evilmike_ruin_ashenzari
D:3:      layout_basic, bloody_makhleb, grunt_ministairs_12
D:4:      layout_basic, overflow_temple_1_default
D:5:      layout_rooms, serial_shops, shop_statue
D:6:      layout_rooms, lemuel_coloured_pillars_altar,
          minmay_temple_entry_junction, gup_sewer_entry_spiral,
          amethyst_killhole, uniq_maggie, uniq_menkaure
D:7:      layout_basic, serial_shops, shop, lemuel_flamethrower_2
D:8:      layout_basic, nicolae_ossuary_entry_plus, nicolae_gozag_seed_capital
D:9:      layout_loops_cross, zin_treasury, slow_altar_2,
          gammafunk_temple_overflow_elements
D:10:     layout_gridville, lair_entry_dummy, erik_orc_4,
          nicolae_trove_entry_path_of_doom, serial_shops, kennysheep_mini,
          kennysheep_decorative_pillar
D:11:     layout_basic, ebering_ghost_rock_garden

Notes
Turn   | Place    | Note
-------+----------+-------------------------------------------
     0 | D:1      | sanka the Ogre Berserker began the quest for the Orb.
     0 | D:1      | Reached XP level 1. HP: 24/24 MP: 1/1
   236 | D:1      | Reached skill level 3 in Maces & Flails
   236 | D:1      | Reached XP level 2. HP: 29/33 MP: 2/2
   623 | D:1      | Reached XP level 3. HP: 41/41 MP: 3/3
  1162 | D:1      | Reached skill level 5 in Fighting
  1170 | D:1      | Reached ** piety under Trog
  1924 | D:2      | Found a broken altar of Ashenzari.
  1947 | D:2      | Reached XP level 4. HP: 43/50 MP: 4/4
  3124 | D:3      | Found a burning altar of Makhleb.
  3129 | D:3      | Reached skill level 4 in Maces & Flails
  3761 | D:4      | Reached XP level 5. HP: 14/59 MP: 5/5
  4141 | D:4      | Reached skill level 6 in Fighting
  4277 | D:4      | Reached *** piety under Trog
  4335 | D:4      | Noticed a sky beast
  4404 | D:4      | Killed a sky beast
  4405 | D:4      | Reached XP level 6. HP: 22/68 MP: 6/6
  5019 | D:4      | Found a sacrificial altar of Ru.
  5035 | D:5      | Entered Level 5 of the Dungeon
  5056 | D:5      | Reached skill level 5 in Maces & Flails
  5351 | D:5      | Reached skill level 7 in Fighting
  5495 | D:5      | Reached XP level 7. HP: 77/78 MP: 7/7
  5520 | D:5      | Reached skill level 6 in Maces & Flails
  5674 | D:5      | Found Kauts's General Store.
  6218 | D:6      | Reached skill level 8 in Fighting
  6244 | D:6      | Reached XP level 8. HP: 86/88 MP: 8/8
  6254 | D:6      | Reached skill level 7 in Maces & Flails
  6263 | D:6      | Found a staircase to the Ecumenical Temple.
  6349 | D:6      | Identified +2 swamp dragon scales
  6349 | D:6      | Noticed Maggie
  6364 | D:6      | Killed Maggie
  6364 | D:6      | Reached **** piety under Trog
  6433 | D:6      | Reached skill level 9 in Fighting
  6474 | D:6      | Noticed Menkaure
  6480 | D:6      | Killed Menkaure
  6481 | D:6      | Reached skill level 8 in Maces & Flails
  6578 | D:6      | Reached skill level 3 in Dodging
  6631 | D:6      | Found a glowing drain.
  6636 | Sewer    | Entered a sewer
  6695 | Sewer    | Reached skill level 1 in Armour
  6722 | Sewer    | Found a white marble altar of Elyvilon.
  7025 | D:6      | Found a shadowy altar of Dithmenos.
  7183 | D:7      | Reached XP level 9. HP: 100/100 MP: 9/9
  7363 | D:7      | Reached skill level 2 in Armour
  7721 | D:7      | Reached skill level 9 in Maces & Flails
  8082 | D:7      | Reached skill level 10 in Fighting
  8183 | D:7      | Found Zosor's Jewellery Shop.
  8656 | D:8      | Reached skill level 3 in Armour
  8817 | D:8      | Found a sand-covered staircase.
  8823 | Ossuary  | Entered an ossuary
  8870 | Ossuary  | Reached ***** piety under Trog
  9052 | D:8      | Found an opulent altar of Gozag.
  9099 | D:8      | Reached skill level 10 in Maces & Flails
  9099 | D:8      | Reached XP level 10. HP: 84/111 MP: 10/10
  9125 | D:8      | Reached skill level 11 in Fighting
  9434 | D:8      | Identified a scarf of resistance (You found it on level 8
                  | of the Dungeon)
 10122 | D:9      | Got a steaming robe
 10133 | D:9      | Identified the +2 robe of Gehenna {-Tele Regen+ Int+5} (You
                  | found it on level 9 of the Dungeon)
 10279 | D:9      | Found a hide-covered altar of Uskayaw.
 10279 | D:9      | Found a radiant altar of Vehumet.
 10476 | D:9      | Found a snail-covered altar of Cheibriados.
 10585 | D:9      | Found a glowing silver altar of Zin.
 10732 | D:10     | Entered Level 10 of the Dungeon
 11065 | D:10     | Reached skill level 11 in Maces & Flails
 11223 | D:10     | Received a gift from Trog
 11226 | D:10     | Reached skill level 12 in Fighting
 11372 | D:10     | Noticed a two-headed ogre
 11392 | D:10     | Killed a two-headed ogre
 11458 | D:10     | Reached XP level 11. HP: 124/124 MP: 11/11
 11462 | D:10     | Reached skill level 12 in Maces & Flails
 11730 | D:10     | Found a staircase to the Orcish Mines.
 11820 | D:10     | Reached skill level 13 in Fighting
 12071 | D:10     | Found Dung's Assorted Antiques.
 12074 | D:10     | Bought a smoking granite ring for 100 gold pieces
 12074 | D:10     | Bought a twitching silver amulet for 100 gold pieces
 12084 | D:10     | Identified the amulet of Puoggy {rElec rPois rC+ Regen+}
                  | (You bought it in a shop on level 10 of the Dungeon)
 12085 | D:10     | Identified the ring of Tyishec {rCorr Int+5} (You bought it
                  | in a shop on level 10 of the Dungeon)
 12297 | D:10     | Found a staircase to the Lair.
 12466 | D:10     | Found a portal to a secret trove of treasure.
 12732 | D:11     | HP: 1/127 [orc warrior/cursed -2 glaive (25)]
 12733 | D:11     | Mangled by an orc warrior

Vanquished Creatures
  A two-headed ogre (D:10)
  A gargoyle (D:10)
  Maggie (D:6)
  2 guardian mummies (D:10)
  A human (D:10)
  24 yaks
  Menkaure (D:6)
  A warg (D:10)
  2 water moccasins
  2 orc warriors
  5 ice beasts
  4 sky beasts
  A hornet zombie (D:10)
  2 necrophages
  4 centaurs
  A phantom (D:7)
  5 ogres
  A big kobold (Sewer)
  A bullfrog (D:8)
  3 killer bees (D:7)
  A howler monkey (D:9)
  7 wights
  An electric eel (D:8)
  3 centaur zombies (Ossuary)
  2 human zombies (Ossuary)
  11 orc priests
  3 hounds
  16 orc wizards
  3 iguanas
  10 worker ants
  A hound skeleton (D:5)
  3 mummies (Ossuary)
  A worker ant zombie (D:7)
  10 adders
  2 shadow imps
  4 white imps
  4 ufetubi
  An ooze (D:1)
  An adder skeleton (D:6)
  5 worms
  2 dart slugs
  4 leopard geckos
  39 orcs
  3 ball pythons (D:3)
  14 giant cockroaches
  9 goblins
  11 hobgoblins
  7 jackals
  2 quokkas
  5 bats
  4 frilled lizards
  A goblin zombie (Ossuary)
  A hobgoblin zombie (Ossuary)
  A jackal skeleton (D:4)
  10 kobolds
  An orc zombie (Ossuary)
  A quokka skeleton (D:5)
  14 rats
281 creatures vanquished.

Vanquished Creatures (others)
  A black bear (D:7)
1 creature vanquished.

Grand Total: 282 creatures vanquished
